 Seeded DCSS version 0.31-a0-496-g6f97920a28 (webtiles) character file.

Game seed: 7415222406553760909 (custom seed)

138 innerfire43 the Changeling (level 5, 0/48 HPs)
             Began as an Ogre Shapeshifter on Aug 8, 2023.
             Slain by a bullfrog (7 damage)
             ... on level 3 of the Dungeon.
             The game lasted 00:04:20 (2806 turns).

innerfire43 the Changeling (Ogre Shapeshifter)      Turns: 2806, Time: 00:04:20

Health: 0/48       AC:  4    Str: 21    XL:     5   Next: 21%
Magic:  5/5        EV: 10    Int:  9    God:
Gold:   175        SH:  0    Dex:  9    Spells: 4/4 levels left

rFire   . .          .
                       - Unarmed
rCold   + . .        (no shield)
rNeg    + . .        m - +1 robe {rC+}
rPois   +            (helmet currently unavailable)
rElec   .            (cloak currently unavailable)
rCorr   .            (gloves unavailable)
SInv    .            (boots unavailable)
Will    .....        (no amulet)
Stlth   +            g - ring of positive energy
HPRegen 0.28/turn    n - ring of poison resistance
MPRegen 0.09/turn

%: no passive effects
@: beast-form
A: beast (slay +3), large, unfitting armour, tough skin 1
a: Begin Untransformation


You were on level 3 of the Dungeon.
You were a hulking beast.
You visited 1 branch of the dungeon, and saw 3 of its levels.

You collected 175 gold pieces.

Inventory:

Armour
 a - a +0 animal skin
 m - a +1 robe of cold resistance (worn)
 o - a +2 cloak
Jewellery
 e - a ring of wizardry
 g - a ring of positive energy (left hand)
 j - a ring of wizardry
 n - a ring of poison resistance (right hand)
Talismans
 c - a beast talisman (active)
 d - a flux talisman
Scrolls
 h - 2 scrolls of teleportation {unknown}
 k - 2 scrolls of fog {unknown}
 l - a scroll of poison {unknown}
 p - a scroll of noise {unknown}
 s - 2 scrolls of fear
Potions
 b - a potion of lignification
 f - a potion of mutation {unknown}
 q - a potion of enlightenment
 r - a potion of heal wounds
 t - a potion of brilliance


   Skills:
 - Level 1.3 Fighting
 - Level 2.0 Dodging
 - Level 3.0 Unarmed Combat
 * Level 4.8 Shapeshifting


You had 4 spell levels left.
You didn't know any spells.
Your spell library was empty.

Dungeon Overview and Level Annotations

Branches:
Dungeon (3/15)

Altars:
Dithmenos
Nemelex Xobeh
Qazlal
Uskayaw
Yredelemnul
The Shining One

Shops:
D:1 ?

Annotations:
D:3 1 transporter


Innate Abilities, Weirdness & Mutations

You are a hulking beast.
Your limbs bulge with bestial killing power. (Slay +3)
You are too large for most types of armour.
You have tough skin. (AC +1)


Message History

The shadow imp shouts!
There is a transporter here.
As you read the scroll labelled LUONAT KIOBAECW, it crumbles to dust.
It is a scroll of identify.
s - 2 scrolls of fear
As you read the scroll of identify, it crumbles to dust.
q - a potion of enlightenment
As you read the scroll of identify, it crumbles to dust.
r - a potion of heal wounds
As you read the scroll of identify, it crumbles to dust.
t - a potion of brilliance You enter the transporter and appear at another place.
The bullfrog hits you. x2
You barely miss the ice beast. The endoplasm freezes you.
You are frozen.
You resist. The ice beast completely misses you.
The bullfrog closely misses you.
You barely miss the ice beast.
The bullfrog hits you but does no damage.
The endoplasm closely misses you. The ice beast barely misses you.
The iguana bites you.
You closely miss the ice beast. The bullfrog closely misses you.
The endoplasm closely misses you.
The ice beast hits you but does no damage.
The iguana misses you. The bullfrog hits you.
You closely miss the ice beast. The bullfrog closely misses you.
The endoplasm hits you but does no damage.
The ice beast hits you. The ice beast freezes you. You resist.
The iguana closely misses you. The ice beast attacks as you move away!
The ice beast hits you. The ice beast freezes you. You resist.
The endoplasm attacks as you move away! The endoplasm barely misses you.
The iguana closely misses you.
The bullfrog hits you but does no damage.
The iguana attacks as you move away! The iguana bites you!
The bullfrog attacks as you move away! The bullfrog barely misses you.
The bullfrog hits you. The bullfrog attacks as you move away!
The bullfrog hits you!
* * * LOW HITPOINT WARNING * * *
The bullfrog attacks as you move away! The bullfrog hits you!
You die...

##.....©.......###
#######..#########.....#
#....##.##8.....8##....#
#....##.#.........#....#
#..>..#.#....©....#....# #####
#.......#.........#....# #...#
#.....#.#...5Y...©#....# #...#
#.....#.#...lFJ...#....###...#
#.....#.#....h....#....'.'....
###.....#..$?$)?..#....###...#
#...#.##8$___$8##....# #...#
#...#..#########.....# #...#
#...##.....©........(# #...#
#......###...##......# #....
#...##.# ##.###.###### #....
#......# #.# #....#####....
#....######.######..#...(...


You could see an ice beast, a bullfrog, an iguana, a shadow imp and an
endoplasm.

Vanquished Creatures
  Robin (D:2)
  4 adders
  2 worms
  A dart slug (D:2)
  4 bats
  An endoplasm (D:2)
  2 giant cockroaches (D:1)
  17 goblins
  7 hobgoblins
  12 jackals
  7 quokkas
  5 ball pythons
  4 frilled lizards
  5 kobolds
  4 rats
76 creatures vanquished.

Notes
Turn   | Place    | Note
-------+----------+-------------------------------------------
     0 | D:1      | innerfire43 the Ogre Shapeshifter began the quest for the
                  | Orb.
     0 | D:1      | Reached XP level 1. HP: 19/19 MP: 1/1
    68 | D:1      | Reached XP level 2. HP: 9/27 MP: 2/2
   281 | D:1      | Reached XP level 3. HP: 30/33 MP: 3/3
   500 | D:1      | Found Onoqawk's Magic Scroll Emporium.
  1110 | D:2      | Reached skill level 4 in Shapeshifting
  1110 | D:2      | Reached XP level 4. HP: 29/41 MP: 4/4
  1113 | D:2      | Noticed Robin
  1288 | D:2      | Killed Robin
  1940 | D:3      | Reached XP level 5. HP: 43/48 MP: 5/5
  2087 | D:3      | Found a shadowy altar of Dithmenos.
  2191 | D:3      | Found a sparkling altar of Nemelex Xobeh.
  2275 | D:3      | Found a basalt altar of Yredelemnul.
  2275 | D:3      | Noticed an ice beast
  2278 | D:3      | Found a stormy altar of Qazlal.
  2278 | D:3      | Found a hide-covered altar of Uskayaw.
  2278 | D:3      | Found a transporter.
  2308 | D:3      | Found a transporter.
  2565 | D:3      | Found a glowing golden altar of the Shining One.
  2806 | D:3      | Slain by a bullfrog

Illustrated notes

Levels and vault maps discovered:
D:1:      spicycebolla_green_bress_n_ham_2, layout_rooms, serial_shops, shop,
          minmay_misc_feat_hallway
D:2:      layout_basic, uniq_robin
D:3:      minmay_evil_eye, layout_basic,
          mainiacjoe_overflow_concentric_impassable, lemuel_tele_altar,
          gammafunk_temple_overflow_arena, nemelex_altar_shiori,
          kennysheep_generic_room_6

Skill      XL: |  1  2  3 |
---------------+----------+-----
Dodging        | 2 |  2.0
Unarmed Combat | 3 |  3.0
Shapeshifting  | 4 |  4.8
Fighting       | |  1.3

Action                     |  1- 3 |  4- 6 || total
---------------------------+-------+-------++-------
  Melee: Unarmed           |   118 |   110 ||   228
         Punch             |     3 |     1 ||     4
    Use: Potion            |     1 |     2 ||     3
         Scroll            |       |     4 ||     4
 Armour: Animal skin       |    21 |       ||    21
         Robe              |     7 |    41 ||    48
         Skin              |       |    18 ||    18
  Dodge: Dodged            |    71 |    65 ||   136

Table legend: (Time is in decaauts)
 A = Elapsed time spent in this place.
 B = Non-inter-level travel time spent in this place.
 C = Inter-level travel time spent in this place.
 D = Time resting spent in this place.
 E = Time spent auto-exploring this place.
 F = Levels seen in this place.
 G = Mean time per level.
                   A        B        C        D        E       F      G
               +--------+--------+--------+--------+--------+-----+--------+
         Total |   2791 |   2594 |    197 |      0 |   2060 |   3 |  930.3 |
       Dungeon |   2791 |   2594 |    197 |      0 |   2060 |   3 |  930.3 |
               +--------+--------+--------+--------+--------+-----+--------+

Top non-repeatable levels by time:
     D:2: 1136 daAuts
     D:3: 1055 daAuts
     D:1: 599 daAuts
